 Dungeon Crawl Stone Soup version 0.24.0-123-gd5b16e6ec5 (webtiles) character file.

Game seed: 2617843531841869155, levelgen mode: deterministic

30 Descartes the Sneak (level 3, 0/19 HPs)
             Began as a Spriggan Wanderer on Jan 19, 2020.
             Slain by a goblin (6 damage)
             ... led by Robin
             ... on level 2 of the Dungeon.
             The game lasted 00:03:10 (1546 turns).

Descartes the Sneak (Spriggan Wanderer)             Turns: 1546, Time: 00:03:11

Health: 0/19       AC:  2    Str:  7    XL:     3   Next: 3%
Magic:  6/6        EV: 16    Int: 14    God:
Gold:   40         SH:  0    Dex: 16    Spells: 4/5 levels left

rFire    . . .     SeeInvis +   a - +0 dagger
rCold    . . .     Gourm    .   (shield restricted)
rNeg     . . .     Faith    .   d - +0 robe
rPois    .         Spirit   .   (helmet restricted)
rElec    .         Reflect  .   (no cloak)
rCorr    .         Harm     .   (gloves unavailable)
MR       .....                  (boots unavailable)
Stlth    +++.......             (no amulet)
HPRegen  0.06/turn              (no ring)
MPRegen  0.10/turn              (no ring)

@: very quick
A: very small, unfitting armour, see invisible, herbivore, speed 3, slow
metabolism 2
a: no special abilities


You were on level 2 of the Dungeon.
You were not hungry.

You visited 1 branch of the dungeon, and saw 2 of its levels.

You collected 40 gold pieces.

Inventory:

Hand Weapons
 a - a +0 dagger (weapon)
Armour
 d - a +0 robe (worn)
Scrolls
 g - a scroll of teleportation {unknown}
 h - 2 scrolls of identify {unknown}
Potions
 b - a potion of brilliance {unknown}
 c - a potion of lignification
 e - 2 potions of heal wounds
Comestibles
 f - 3 rations


   Skills:
 + Level 2.6 Fighting
 + Level 1.0 Short Blades
 + Level 1.4 Dodging
 + Level 4.8 Stealth
 - Level 1.0 Unarmed Combat
 + Level 1.8 Spellcasting
 + Level 1.0 Hexes
   Level 3.0 Charms


You had 4 spell levels left.
You knew the following spells:

 Your Spells              Type           Power        Failure   Level  Hunger
a - Corona                Hex            #......      16%         1    ##.....

Your spell library contained the following spells:

 Spells                   Type           Power        Failure   Level  Hunger
 Dazzling Spray           Conj/Hex       #.....       50%         3    ####...


Dungeon Overview and Level Annotations

Branches:
Dungeon (2/15)

Altars:
Sif Muna

Annotations:
D:2 Robin


Innate Abilities, Weirdness & Mutations

You are very small and have problems with some larger weapons.
You are too small for most types of armour.
You have supernaturally acute eyesight. (SInv)
You are a herbivore.
You cover ground extremely quickly.
You need to consume almost no food.


Message History

Robin throws the goblin at you!
You hit the goblin.
The goblin is almost dead.
The goblin barely misses you. Robin throws the goblin at you!
* * * LOW HITPOINT WARNING * * *
You completely miss the goblin.
The goblin is almost dead.
The goblin closely misses you. The goblin barely misses you.
You barely miss the goblin.
The goblin is almost dead.
The goblin barely misses you. The goblin closely misses you.
You hit the goblin but do no damage.
The goblin is almost dead.
Robin roars a battlecry!
The goblins go into a battle-frenzy!
The goblin closely misses you. The goblin misses you.
You hit the goblin.
You kill the goblin!
The goblin hits you.
You die...

#........##.#
#........##.#
##.########.#
##.########.######
..........>......#
##.#######.#####.#
#.# #†#...#.# ...
#.#.#.#†# ..#.
#.#.#.#@# ...#.#
#.#.#.#g# ##.# #
#.#..<#g# .#
#.###.#g#
#.....#g#
#########g#
.........(#
..(....g###
#######g#


You could see Robin, 2 hobgoblins and 2 goblins.

Vanquished Creatures
  A dart slug (D:1)
  5 goblins
  6 hobgoblins
  2 kobolds (D:1)
  5 bats
  2 frilled lizards
  4 rats (D:1)
25 creatures vanquished.

Notes
Turn   | Place    | Note
-------+----------+-------------------------------------------
     0 | D:1      | Descartes the Spriggan Wanderer began the quest for the
                  | Orb.
     0 | D:1      | Descartes set off with the following items: a +0 dagger, a
                  | potion of lignification, a +0 robe, 2 potions of heal
                  | wounds, a ration; and the following spell memorised:
                  | Corona; and the following spells available to memorise:
                  | Dazzling Spray
     0 | D:1      | Reached XP level 1. HP: 11/11 MP: 3/3
   789 | D:1      | Reached XP level 2. HP: 16/16 MP: 5/5
   948 | D:1      | Reached skill level 1 in Dodging
  1133 | D:1      | Reached skill level 1 in Hexes
  1414 | D:2      | Found a shimmering blue altar of Sif Muna.
  1446 | D:2      | Reached skill level 1 in Short Blades
  1505 | D:2      | Noticed Robin
  1519 | D:2      | Reached XP level 3. HP: 19/19 MP: 6/6
  1546 | D:2      | Slain by a goblin

Levels and vault maps discovered:
D:1:      saegor_arrival_simple_a, layout_loops_ring
D:2:      layout_basic, lemuel_round_altar, overflow_temple_1_default,
          first_ration, uniq_jessica, uniq_robin

Skill      XL: |  1  2 |
---------------+-------+-----
Dodging        | 1 |  1.4
Hexes          | 1 |  1.0
Short Blades   | 1 |  1.0
Fighting       | |  2.6
Stealth        | |  4.8
Unarmed Combat | |  1.0
Spellcasting   | |  1.8
Charms         | |  3.0

Action                   || total
-------------------------++-------
Melee: Dagger            ||   144
 Stab: Sleeping          ||     8
Armor: Robe              ||    23
Dodge: Dodged            ||   111
